 Dungeon Crawl Stone Soup version 0.31.0-9-g3a7656b989 (webtiles) character file.

Game seed: 13437903645794638322

49 qw the Shooter (level 3, 0/20 HPs)
             Began as a Deep Elf Hunter on Feb 2, 2024.
             Succumbed to an adder's poison
             ... on level 1 of the Dungeon.
             The game lasted 00:00:04 (1002 turns).

qw the Shooter (Deep Elf Hunter)                    Turns: 1002, Time: 00:00:04

Health: 0/20       AC:  3    Str: 10    XL:     3   Next: 51%
Magic:  5/5        EV: 12    Int: 13    God:
Gold:   64         SH:  0    Dex: 18    Spells: 2/2 levels left

rFire   . . .        a - +0 shortbow
rCold   . . .        (shield currently unavailable)
rNeg    . . .        c - +0 leather armour
rPois   .            (no helmet)
rElec   .            (no cloak)
rCorr   .            (no gloves)
SInv    .            (no boots)
Will    .....        (no amulet)
Stlth   ++           (no ring)
HPRegen 0.23/turn    (no ring)
MPRegen 0.09/turn

%: no passive effects
@: lethally poisoned (0 -> -1)
A: no striking features
a: no special abilities


You were on level 1 of the Dungeon.
You visited 1 branch of the dungeon, and saw 2 of its levels.

You collected 64 gold pieces.


   Skills:
 - Level 1.5 Fighting
 + Level 7.0 Ranged Weapons
 - Level 2.4 Dodging
 - Level 1.2 Stealth


You had 2 spell levels left.
You didn't know any spells.
Your spell library was empty.

Inventory:

Hand Weapons
 a - a +0 shortbow (weapon)
Armour
 c - a +0 leather armour (worn)
Scrolls
 h - 2 scrolls of enchant armour
Potions
 e - 2 potions of heal wounds

Dungeon Overview and Level Annotations

Branches:
Dungeon (2/15)

Altars:

Shops:
D:1 [


Message History

The adder is severely wounded.
The adder barely misses you.
989 ||| STAIRDANCE The adder misses you.
You climb upwards.
There is a stone staircase leading down here.
You shoot an arrow. The arrow hits the adder.
The adder is severely wounded.
The adder bites you.
You shoot an arrow. The arrow barely misses the adder.
The adder bites you.
You are poisoned.
The adder poisons you! The adder bites you but does no damage.
You shoot an arrow.
The arrow hits the adder but does no damage.
The adder is severely wounded.
You feel sick. The adder closely misses you.
You shoot an arrow. The arrow hits the adder.
The adder is almost dead.
You feel sick. The adder bites you.
You are lethally poisoned!
The adder poisons you! The adder bites you but does no damage.
You shoot an arrow. The arrow hits the adder.
You kill the adder!
You feel sick.
Your Ranged Weapons skill increases to level 7!
There is a lethal amount of poison in your body!
You feel sick.
There is a lethal amount of poison in your body!
You feel sick.
There is a lethal amount of poison in your body!
You feel sick.
There is a lethal amount of poison in your body!
You feel sick.
There is a lethal amount of poison in your body!
You feel sick.
There is a lethal amount of poison in your body!
You feel sick.
There is a lethal amount of poison in your body!
You die...

############# #.(#.###..######
¤~~¤~¤~~~# #..#.#.#....####
....¤~~~~# #####....#.#..#.....
~~~....~~# #......###.#..######
~.~~~...~# #.##.>.....#........
.<..~~..~# #.##.#.#....)#######
~.~~~...~# #.##.#.......# #...
~~~...¤~~# #.#..........# #.##
.¤¤.¤~~~~# #.#@.##.##.#.# #.#
~¤¤~~~~~~# #.#..#.....#.# #.##
#.######## #.#..#..####.####...
.......# #.#.....# #.##.....
...###########.#..)..####.##.....
#..# #.....(..............'....#
#..####.######.#[...#####.##....#
........# ###.#..........##....#
...##...####..................###


There were no monsters in sight!

Vanquished Creatures
  2 adders (D:1)
  2 endoplasms (D:1)
  A giant cockroach (D:1)
  4 goblins (D:1)
  4 hobgoblins (D:1)
  2 jackals (D:1)
  A quokka (D:1)
  A ball python (D:1)
  A bat (D:1)
  A frilled lizard (D:1)
  7 kobolds
  3 rats (D:1)
29 creatures vanquished.

Notes
Turn   | Place    | Note
-------+----------+-------------------------------------------
     0 | D:1      | qw the Deep Elf Hunter began the quest for the Orb.
     0 | D:1      | Reached XP level 1. HP: 12/12 MP: 3/3
     0 | D:1      | 0 ||| qw: Version: 0.3-a-155-g5e7d8dd
     0 | D:1      | 0 ||| qw: Game counter: 1663
     0 | D:1      | 0 ||| qw: Melee chars always use a shield: true
     0 | D:1      | 0 ||| qw: God list: Okawaru
     0 | D:1      | 0 ||| qw: Allow faded altars: false
     0 | D:1      | 0 ||| qw: Do Orc after clearing Dungeon:15 true
     0 | D:1      | 0 ||| qw: Do second Lair branch before Depths: true
     0 | D:1      | 0 ||| qw: Lair rune preference: random
     0 | D:1      | 0 ||| qw: Goals: Normal
     0 | D:1      | 0 ||| PLANNING D:1-11
    44 | D:1      | Found a faded altar of an unknown god.
   116 | D:1      | Reached XP level 2. HP: 16/16 MP: 4/4
   127 | D:1      | Reached skill level 6 in Ranged Weapons
   144 | D:1      | Noticed an animated shadow dragon scales
   145 | D:1      | Found Zexumpiaxt's Armour Emporium.
   146 | D:1      | Noticed an animated shadow dragon scales
   169 | D:1      | 169 ||| SHOPLISTING +0 ring mail (40 gold, have 39).
   169 | D:1      | 169 ||| SHOPLISTING +1 leather armour of the Maze {^Contam
                  | Fly Slay+3} (231 gold, have 39).
   169 | D:1      | 169 ||| SHOPLISTING +2 leather armour of poison resistance
                  | (160 gold, have 39).
   864 | D:1      | 864 ||| READING scroll labelled ITITUS VYCHO.
   869 | D:1      | 869 ||| READING scroll labelled ZOF KEULAILO.
   900 | D:1      | 900 ||| READING 4 scrolls labelled CAIZIA SIMADUD.
   900 | D:1      | 900 ||| IDENTIFYING silvery potion
   901 | D:1      | 901 ||| READING 3 scrolls of identify.
   901 | D:1      | 901 ||| IDENTIFYING 2 coppery potions
   902 | D:1      | 902 ||| READING 2 scrolls of identify.
   902 | D:1      | 902 ||| IDENTIFYING 2 clear potions
   903 | D:1      | 903 ||| READING scroll of identify.
   903 | D:1      | 903 ||| IDENTIFYING 2 scrolls labelled FODO LEYDGHYWUS
   904 | D:1      | 904 ||| DROPPING scroll of butterflies.
   905 | D:1      | 905 ||| DROPPING 2 potions of degeneration.
   906 | D:1      | 906 ||| DROPPING potion of brilliance.
   954 | D:2      | 954 ||| STAIRDANCE
   958 | D:1      | Reached XP level 3. HP: 16/20 MP: 5/5
   980 | D:2      | 980 ||| STAIRDANCE
   989 | D:2      | 989 ||| STAIRDANCE
   996 | D:1      | Reached skill level 7 in Ranged Weapons
   996 | D:1      | HP: 5/20 [poisoned by an adder]
   999 | D:1      | HP: 2/20 [poisoned by an adder]
  1002 | D:1      | Succumbed to an adder's poison

Levels and vault maps discovered:
D:1:      dpeg_arrival_shrine, layout_basic, serial_shops,
          nicolae_shop_mannequins, hellmonk_ecumenical_altar_crossroads
D:2:      layout_rooms, uniq_sigmund

Skill      XL: |  1  2  3 |
---------------+----------+-----
Ranged Weapons | 6 7 |  7.0
Fighting       | |  1.5
Dodging        | |  2.4
Stealth        | |  1.2

Action                     || total
---------------------------++-------
   Fire: Shortbow          ||    85
    Use: Scroll            ||     6
 Armour: Leather armour    ||    11
  Dodge: Dodged            ||    16

Table legend:
 A = Non-vault XP
 B = Vault XP
 C = Vault XP percentage of total XP
 D = Non-vault monster count
 E = Vault monster count
 F = Vault count percentage of total count
                 A         B        C        D         E       F
            +---------+---------+-------+---------+---------+-------
      Total |      70 |       0 |   0.0 |      29 |       0 |   0.0
            +---------+---------+-------+---------+---------+-------
        D:1 |      69 |       0 |   0.0 |      28 |       0 |   0.0
        D:2 |       1 |       0 |   0.0 |       1 |       0 |   0.0
            +---------+---------+-------+---------+---------+-------
